 Dungeon Crawl Stone Soup version 0.30-a0-1160-g6e42c06551 (webtiles) character file.

Game seed: 6433754750323938605

5413 Barriton the Thaumaturge (level 10, -3/74 HPs)
             Began as a White Draconian Fire Elementalist on Apr 25, 2023.
             Slain by a gnoll
             ... wielding a +0 spear
             ... led by a gnoll sergeant
              (5 damage)
             ... on level 9 of the Dungeon.
             The game lasted 00:24:26 (12588 turns).

Barriton the Thaumaturge (DrFE)                    Turns: 12588, Time: 00:24:26

Health: -3/74      AC: 12    Str: 16    XL:     10   Next: 40%
Magic:  0/23       EV: 12    Int: 24    God:
Gold:   615        SH:  0    Dex:  8    Spells: 17/27 levels left

rFire   + . .        d - staff of fire
rCold   + . .        (no shield)
rNeg    + . .        (body armour unavailable)
rPois   .            b - +2 hat
rElec   .            t - +2 cloak {Stlth+}
rCorr   .            (no gloves)
SInv    .            (no boots)
Will    .....        k - amulet of guardian spirit
Stlth   +++          x - ring of positive energy
HPRegen 0.32/turn    y - +6 ring of intelligence
MPRegen 0.18/turn

%: guardian spirit
@: no status effects
A: breathe frost, AC +7, unfitting armour, cold resistance 1, cold-blooded,
talons 1, clumsy 1, screaming 1, strong 1
a: Breathe Frost


You were on level 9 of the Dungeon.
You visited 2 branches of the dungeon, and saw 10 of its levels.
You also visited: Sewer.

You collected 615 gold pieces.

Inventory:

Hand Weapons
 f - a +0 falchion
 w - a +2 glaive of flaming
Missiles
 u - 6 throwing nets
Armour
 b - a +2 hat (worn)
 t - a +2 cloak of stealth (worn)
Magical Staves
 d - a staff of fire (weapon)
 A - a staff of poison
Jewellery
 k - an amulet of guardian spirit (around neck)
 o - a ring of positive energy
 r - a ring of resist corrosion
 x - a ring of positive energy (left hand)
 y - a +6 ring of intelligence (right hand)
 F - a ring of resist corrosion
Wands
 l - a wand of roots (37)
 m - a wand of light (6)
 D - a wand of flame (27)
Scrolls
 c - 2 scrolls of summoning
 i - 3 scrolls of teleportation
 j - 2 scrolls of amnesia
 C - a scroll of enchant armour
 E - a scroll of magic mapping
Potions
 a - 2 potions of flight
 e - 2 potions of curing
 g - 4 potions of haste
 h - 3 potions of ambrosia
 n - a potion of berserk rage
 q - a potion of cancellation
 s - 4 potions of brilliance
 v - a potion of resistance
 z - 3 potions of degeneration
 B - a potion of lignification


   Skills:
 + Level 2.6 Fighting
 + Level 1.4 Long Blades
 + Level 1.7(2.0) Polearms
 + Level 1.5(2.0) Staves
 + Level 3.5 Dodging
 + Level 2.6 Stealth
 + Level 9.4 Spellcasting
 + Level 5.7 Conjurations
 + Level 7.7 Fire Magic


You had 17 spell levels left.
You knew the following spells:

 Your Spells              Type           Power      Damage    Failure   Level
a - Foxfire               Conj/Fire      100%       2x1d9     1%          1
b - Scorch                Fire           100%       2d9       1%          2
c - Flame Wave            Conj/Fire      60%        2d14      3%          4
d - Volatile Blastmotes   Fire/Tloc      88%        2d17      3%          3

Your spell library contained the following spells:

 Spells                   Type           Power      Damage    Failure   Level
 Inner Flame              Hex/Fire       44%        N/A       3%          3


Dungeon Overview and Level Annotations

Branches:
Dungeon (9/15)             Temple (1/1) D:7           Sewer (visited)
   Lair: D:8-11         Orc: D:9-12

Altars:
Ashenzari
Cheibriados
Dithmenos
Elyvilon
Fedhas
Gozag
Hepliaklqana
Kikubaaqudgha
Makhleb
Nemelex Xobeh
Okawaru
Qazlal
Ru
Sif Muna
Trog
Uskayaw
Vehumet
Wu Jian
Xom
Yredelemnul
Zin
The Shining One

Shops:
D:1 :   D:7 *

Annotations:
D:3 1 runed translucent door, CcS's ghost, amateur DjCA
D:5 2 transporters


Innate Abilities, Weirdness & Mutations

You can breathe waves of freezing cold which knock back foes.
Your icy white scales are hard. (AC +7)
You cannot fit into any form of body armour.
Your flesh is cold resistant. (rC+)
You are cold-blooded and may be slowed by cold attacks.
You have sharp toenails.
You are clumsy. (Dex -2)
You occasionally shout uncontrollably at your foes.
Your muscles are strong. (Str +4, Int/Dex -1)


Message History

* * * LOW HITPOINT WARNING * * *
You hit the orc warrior but do no damage.
You burn the orc warrior.
You kill the orc warrior!
The orc closely misses you.
The gnoll sergeant completely misses you.
The gnoll hits you but does no damage.
You hit the orc.
The orc is moderately wounded.
The orc hits you with a +0 dagger.
* * * LOW HITPOINT WARNING * * *
The gnoll sergeant hits you from afar with a +0 spear.
* * * LOW HITPOINT WARNING * * *
The gnoll closely misses you.
You feel better. The orc hits you but does no damage.
The gnoll sergeant hits you from afar with a +0 spear!
* * * LOW HITPOINT WARNING * * *
The gnoll hits you but does no damage.
You hit the orc. You claw the orc.
You tail-slap the orc, but do no damage.
The orc is severely wounded.
The orc hits you with a +0 dagger.
* * * LOW HITPOINT WARNING * * *
The gnoll sergeant misses you. The gnoll closely misses you.
Casting: Flame Wave (dangerous; 3% risk of failure)
Confirm with . or Enter, or press ? or * to list all spells.
You feel a surge of power!
You conjure some foxfire!
The orc barely misses you.
The gnoll sergeant hits you from afar with a +0 spear.
* * * LOW HITPOINT WARNING * * *
The gnoll barely misses you.
You barely miss the orc. You claw the orc.
You kill the orc!
The foxfire hits the gnoll sergeant!
You kill the gnoll sergeant!
The foxfire hits the gnoll.
The gnoll is moderately wounded.
The gnoll hits you from afar with a +0 spear.
* * * LOW HITPOINT WARNING * * *
The gnoll hits you from afar with a +0 spear.
You die...

#..#..#gg#.......
#..#..#go#.......
#..#..#..#.......
#..#..#...)o.....
#..#..#...)......
#..#..###########
#..#)g# ........
#..#))# .........
#..#@§# ..........
#..#§.# .............
#..#..#..............
#..####..............
#.....#..............
#.....#.............†
#..####.............#
#..# ...............#
#..# ..............#


You could see a gnoll.

Vanquished Creatures
  Pikel (D:7)
  A troll (D:9)
  Grinder (D:4)
  A shadow (D:8)
  A wyvern (D:7)
  3 swamp worms (D:7)
  2 water moccasins
  An ice beast (D:5)
  3 orc warriors
  A sky beast (D:7)
  2 black bears
  An ogre (D:7)
  A centaur (D:6)
  3 kobold brigands (D:7)
  2 gnoll sergeants
  5 bullfrogs
  2 scorpions (D:6)
  7 wights
  4 killer bees (D:9)
  3 howler monkeys (D:8)
  Crazy Yiuf (D:5)
  7 hounds (D:5)
  2 jellies
  A quasit (D:7)
  9 orc priests
  6 iguanas
  9 orc wizards
  13 gnolls
  13 adders
  A river rat (D:5)
  5 shadow imps
  6 white imps
  5 ufetubi
  3 worms
  3 dart slugs
  49 orcs
  15 ball pythons
  3 bats
  13 endoplasms
  11 giant cockroaches
  9 goblins
  4 hobgoblins
  3 jackals
  8 quokkas
  6 frilled lizards
  16 kobolds
  7 rats
273 creatures vanquished.

Vanquished Creatures (collateral kills)
  7 foxfires (D:7)
7 creatures vanquished.

Vanquished Creatures (others)
  7 demonic plants (D:7)
  515 foxfires
  3 plants (D:7)
525 creatures vanquished.

Grand Total: 805 creatures vanquished

Notes
Turn   | Place    | Note
-------+----------+-------------------------------------------
     0 | D:1      | Barriton the Draconian Fire Elementalist began the quest
                  | for the Orb.
     0 | D:1      | Reached XP level 1. HP: 14/14 MP: 3/3
   519 | D:1      | Reached XP level 2. HP: 20/20 MP: 3/5
   745 | D:1      | Found Zyggoon's Book Shop.
  1029 | D:2      | Learned a level 2 spell: Scorch
  1271 | D:2      | Reached XP level 3. HP: 26/26 MP: 4/6
  1978 | D:2      | Reached XP level 4. HP: 33/33 MP: 3/7
  2964 | D:3      | Found an ancient bone altar of Kikubaaqudgha.
  2965 | D:3      | Found an opulent altar of Gozag.
  2966 | D:3      | Found a sparkling altar of Nemelex Xobeh.
  3013 | D:3      | Found a runed translucent door.
  3013 | D:3      | Noticed CcS's ghost (amateur DjCA)
  3014 | D:3      | Noticed an ogre
  3084 | D:3      | Reached XP level 5. HP: 38/38 MP: 3/9
  3316 | D:3      | Reached skill level 3 in Spellcasting
  3644 | D:3      | Found a burning altar of Makhleb.
  3644 | D:3      | Noticed a cacodemon
  4117 | D:4      | Noticed Grinder
  4122 | D:4      | Killed Grinder
  4123 | D:4      | Reached skill level 1 in Long Blades
  4123 | D:4      | Reached skill level 4 in Spellcasting
  4123 | D:4      | Reached skill level 5 in Fire Magic
  4123 | D:4      | Reached XP level 6. HP: 46/46 MP: 4/12
  4265 | D:4      | Reached skill level 1 in Fighting
  4461 | D:4      | Your scales start taking on an icy white colour.
  4461 | D:4      | Reached XP level 7. HP: 52/52 MP: 2/13
  4461 | D:4      | Gained mutation: Your flesh is cold resistant. (rC+) [White
                  | Draconian growth]
  4653 | D:4      | Gained mutation: Potions are less effective at restoring
                  | your health. [potion of mutation]
  4653 | D:4      | Gained mutation: You are frail. (-10% HP) [potion of
                  | mutation]
  4653 | D:4      | Gained mutation: You have a pair of small antennae on your
                  | head. [potion of mutation]
  4653 | D:4      | Gained mutation: You have sharp toenails. [potion of
                  | mutation]
  4669 | D:5      | Entered Level 5 of the Dungeon
  5217 | D:5      | Found a transporter.
  5337 | D:5      | Found a transporter.
  5363 | D:5      | Reached skill level 5 in Fire Magic
  5496 | D:5      | Reached skill level 5 in Spellcasting
  5760 | D:5      | Found a runed translucent door.
  5761 | D:5      | Noticed Crazy Yiuf
  5909 | D:5      | Reached XP level 8. HP: 47/53 MP: 10/15
  6075 | D:5      | Killed Crazy Yiuf
  6178 | D:6      | Found a glowing drain.
  6187 | D:5      | Reached skill level 1 in Polearms
  6438 | Sewer    | Entered a sewer
  7011 | D:6      | Reached skill level 6 in Spellcasting
  7353 | D:6      | Found a blossoming altar of Fedhas.
  7357 | D:6      | Found a glowing silver altar of Zin.
  7605 | D:6      | Reached skill level 7 in Spellcasting
  7636 | D:6      | Found a stormy altar of Qazlal.
  7937 | D:6      | Found a shimmering altar of Xom.
  7983 | D:6      | Found a shimmering altar of Xom.
  7983 | D:6      | Found a shimmering altar of Xom.
  7985 | D:6      | Found a broken altar of Ashenzari.
  7985 | D:6      | Found a shimmering blue altar of Sif Muna.
  7985 | D:6      | Found a glowing golden altar of the Shining One.
  8204 | D:7      | Reached XP level 9. HP: 59/59 MP: 13/20
  8802 | D:7      | Found a staircase to the Ecumenical Temple.
  8859 | D:7      | Reached skill level 8 in Spellcasting
  9207 | D:7      | Noticed Pikel
  9215 | D:7      | Killed Pikel
  9247 | D:7      | Reached skill level 5 in Conjurations
 10038 | D:7      | Found Ypamum's General Store.
 10049 | D:7      | Found a snail-covered altar of Cheibriados.
 10153 | Temple   | Entered the Ecumenical Temple
 10476 | D:7      | Learned a level 4 spell: Flame Wave
 10480 | D:7      | Learned a level 3 spell: Volatile Blastmotes
 10551 | D:6      | Lost mutation: You are frail. (-10% HP) [potion of
                  | mutation]
 10551 | D:6      | Lost mutation: You have sharp toenails. [potion of
                  | mutation]
 10551 | D:6      | Gained mutation: You passively map a small area around you.
                  | [potion of mutation]
 10552 | D:6      | Lost mutation: You passively map a small area around you.
                  | [potion of mutation]
 10552 | D:6      | Lost mutation: You have a pair of small antennae on your
                  | head. [potion of mutation]
 10552 | D:6      | Lost mutation: Potions are less effective at restoring your
                  | health. [potion of mutation]
 10552 | D:6      | Gained mutation: You are weak. (Str -2) [potion of
                  | mutation]
 10552 | D:6      | Gained mutation: You are very weak. (Str -4) [potion of
                  | mutation]
 10649 | D:7      | Reached XP level 10. HP: 20/73 MP: 0/22
 10908 | D:8      | Reached skill level 9 in Spellcasting
 11713 | D:8      | Lost mutation: You are very weak. (Str -4) [potion of
                  | mutation]
 11713 | D:8      | Lost mutation: You are weak. (Str -2) [potion of mutation]
 11713 | D:8      | Gained mutation: You are clumsy. (Dex -2) [potion of
                  | mutation]
 11713 | D:8      | Gained mutation: You occasionally shout uncontrollably at
                  | your foes. [potion of mutation]
 11713 | D:8      | Gained mutation: Your muscles are strong. (Str +4, Int/Dex
                  | -1) [potion of mutation]
 11713 | D:8      | Gained mutation: You have sharp toenails. [potion of
                  | mutation]
 11923 | D:9      | Reached skill level 1 in Staves
 12588 | D:9      | HP: 2/74 [gnoll/+0 spear[a gnoll sergeant] (4)]
 12588 | D:9      | Slain by a gnoll

Illustrated notes

Levels and vault maps discovered:
D:1:      heliophobic_arrival_dark_side_of_the_moon, layout_basic, serial_shops,
          nicolae_shop_just_a_little_nook
D:2:      layout_loops_ring, minmay_three_crescents
D:3:      minmay_octagon_keep, layout_basic, makhleb_altar_promises_db,
          chequers_temple_overflow_statue_of_worship, ebering_ghost_inner_flame
D:4:      minmay_general_purpose_star, layout_basic, uniq_grinder
D:5:      gammafunk_wand_slinger, layout_basic, uniq_crazy_yiuf_cottage
D:6:      layout_gridville, doesnt_xom_only_xom,
          mainiacjoe_overflow_surrounded_room, general_overflow_altar,
          amcnicky_altar_gilded, portal_sewer_entry_a
D:7:      layout_gridville, mainiacjoe_overflow_cross_hatched, temple_doors_e,
          serial_shops, kennysheep_mini_moat, serial_demonic, serial_demonic_a,
          serial_demonic_g, serial_demonic_d, serial_demonic_c,
          serial_demonic_d, serial_demonic_g, serial_demonic_g,
          serial_demonic_b, corexii_hall_statues_s, worms_lemuel, uniq_pikel
D:8:      layout_loops_cross
D:9:      layout_grid_maze
Temple:   oiseaux_autumnal_temple

Skill      XL: |  1  2  3  4  5  6  7  8  9 10 |
---------------+-------------------------------+-----
Dodging        | 2 3 |  3.5
Fire Magic     | 4 5 4 5 7 |  7.7
Stealth        | 2 |  2.6
Spellcasting   | 4 5 7 8 9 |  9.4
Conjurations   | 2 3 4 5 |  5.7
Long Blades    | 1 |  1.4
Fighting       | 1 2 |  2.6
Polearms       | 1 |  1.7
Staves         | 1 |  1.5

Action                     |  1- 3 |  4- 6 |  7- 9 | 10-12 || total
---------------------------+-------+-------+-------+-------++-------
  Melee: Unarmed           |    12 |       |       |       ||    12
         Tailslap          |     6 |     6 |    25 |     4 ||    41
         Falchion          |    25 |    41 |     1 |       ||    67
         Glaive            |       |       |    78 |       ||    78
         Kick              |       |       |    41 |     6 ||    47
         Staff             |       |       |    79 |    36 ||   115
   Cast: Foxfire           |    46 |    53 |   184 |    43 ||   326
         Scorch            |    10 |    42 |   143 |    44 ||   239
         Flame Wave        |       |       |       |     3 ||     3
         Volatile Blastmot |       |       |       |     2 ||     2
Ability: Breathe Frost     |       |       |     1 |     1 ||     2
    Use: Scroll            |     3 |    10 |    15 |       ||    28
         Potion            |       |     1 |     5 |     8 ||    14
 Armour: Skin              |    13 |    14 |   151 |    50 ||   228
  Dodge: Dodged            |    20 |    26 |   204 |    65 ||   315

Table legend: (Time is in decaauts)
 A = Elapsed time spent in this place.
 B = Non-inter-level travel time spent in this place.
 C = Inter-level travel time spent in this place.
 D = Time resting spent in this place.
 E = Time spent auto-exploring this place.
 F = Levels seen in this place.
 G = Mean time per level.
                   A        B        C        D        E       F      G
               +--------+--------+--------+--------+--------+-----+--------+
         Total |  12751 |  12194 |    557 |      0 |  10349 |  11 | 1159.2 |
       Dungeon |  11829 |  11320 |    509 |      0 |   9658 |   9 | 1314.3 |
        Temple |    296 |    249 |     47 |      0 |    238 |   1 |  296.0 |
         Sewer |    625 |    625 |      0 |      0 |    452 |   1 |  625.0 |
               +--------+--------+--------+--------+--------+-----+--------+

Top non-repeatable levels by time:
     D:7: 2082 daAuts
     D:5: 1778 daAuts
     D:6: 1492 daAuts
     D:3: 1469 daAuts
     D:2: 1303 daAuts
     D:1: 1001 daAuts
     D:8: 927 daAuts
     D:4: 914 daAuts
     D:9: 860 daAuts
   Sewer: 625 daAuts
  Temple: 296 daAuts
